Map: [ESL] Alcyone

Players

Oliveira - Winner!

  • Race: Terran Terran
  • Spawn Location: 1:00

Serral

  • Race: Zerg Zerg
  • Spawn Location: 7:00

Event: ESL Spring 2024 Finals

VOD

Have the link to the VOD?

Description

Time

  • Played on: June 2, 2024, 2:41 p.m.
  • Length: 8:33

All games in this series

Show
View Real Time Build Order
Export as new Build Order

Oliveira Terran - Winner!

Build Orders: Reaper Expand, Hellion Banshee 

Get SALT Encoding   

  12  0:00  SCV  
  13  0:12  SCV  
  14  0:17  Supply Depot  
  14  0:24  SCV  
  15  0:39  SCV  
  15  0:40  Barracks  
  16  0:44  Refinery  
  16  0:51  SCV  
  17  1:03  SCV  
  18  1:15  SCV  
  19  1:27  Orbital Command  
  19  1:29  Reaper  
  20  1:38  Command Center  
  20  1:47  Supply Depot  
  20  1:53  SCV  
  21  2:01  Marine  
  21  2:06  SCV  
  23  2:11  Factory  
  23  2:18  SCV  
  24  2:23  Barracks Reactor  
  24  2:30  SCV  
  25  2:37  Command Center  
  25  2:42  SCV  
  26  2:50  Orbital Command  
  26  2:54  SCV  
  27  3:02  Starport  
  27  3:05  Refinery  
  27  3:06  SCV  
  27  3:11  Hellion  
  27  3:12  Hellion  
  32  3:17  SCV  
  32  3:18  SCV  
  32  3:19  Barracks Tech Lab  
  34  3:29  SCV  
  34  3:33  Hellion  
  34  3:34  Hellion  
  39  3:38  SCV  
  39  3:41  SCV  
  41  3:43  Marine  
  41  3:44  Banshee  
  45  3:50  Orbital Command, SCV  
  45  3:53  SCV  
  45  3:55  Hellion  
  49  3:57  Hellion  
  49  4:01  Supply Depot  
  49  4:02  Barracks Tech Lab  
  51  4:05  SCV  
  51  4:07  SCV  
  53  4:15  SCV  
  54  4:17  SCV, Hellion  
  54  4:19  Hellion  
  54  4:21  SCV  
  60  4:26  Supply Depot  
  60  4:27  Banshee, Stimpack  
  60  4:30  SCV  
  64  4:33  SCV  
  64  4:34  Marine  
  66  4:38  SCV  
  66  4:44  SCV  
  66  4:45  Barracks, Factory Reactor  
  68  4:48  Barracks  
  68  4:49  Supply Depot  
  68  4:51  Orbital Command  
  68  4:52  SCV  
  70  4:56  SCV  
  70  4:57  Engineering Bay  
  70  4:58  Engineering Bay  
  70  4:59  Marine, Refinery  
  70  5:02  Refinery  
  70  5:04  SCV  
  72  5:08  SCV  
  72  5:12  Barracks x2  
  73  5:17  Supply Depot, SCV  
  73  5:19  Starport Reactor  
  74  5:21  SCV  
  74  5:24  Terran Infantry Weapons Level 1, Terran Infantry Armor Level 1  
  74  5:26  SCV  
  76  5:29  SCV  
  76  5:33  SCV  
  78  5:38  SCV  
  78  5:39  Marine x3  
  78  5:42  SCV  
  83  5:44  Siege Tank  
  83  5:45  Marine x2  
  83  5:47  Supply Depot  
  83  5:49  SCV  
  89  5:50  Supply Depot  
  89  5:54  SCV  
  89  5:56  Medivac  
  89  5:57  Marine  
  92  6:01  Supply Depot, Barracks Reactor x2  
  93  6:08  Marine x2, Medivac  
  93  6:09  SCV  
  93  6:11  Barracks x3  
  99  6:14  Marine x3  
  99  6:17  Supply Depot, SCV  
  102  6:20  Siege Tank  
  102  6:22  SCV  
  102  6:23  SCV  
  107  6:25  Supply Depot  
  107  6:26  Marine  
  107  6:28  Combat Shield  
  107  6:29  SCV, Marine  
  110  6:34  Medivac  
  110  6:35  Marine x2  
  110  6:36  SCV x2  
  110  6:37  Marine  
  117  6:40  Marine x2  
  117  6:41  Marine  
  117  6:44  Marine  
  122  6:47  Supply Depot  
  122  6:49  Supply Depot  
  122  6:50  Armory  
  122  6:52  SCV  
  122  6:53  SCV, Marine  
  122  6:54  Marine  
  125  6:56  Siege Tank, Marine  
  125  6:58  Marine  
  125  6:59  Marine  
  125  7:00  Marine  
  132  7:02  Marine  
  133  7:08  Marine x4  
  133  7:11  Marine  
  133  7:12  Supply Depot x3, Marine  
  139  7:17  Marine x2  
  140  7:24  Marine x3  
  140  7:25  Medivac  
  140  7:26  Marine x2, Medivac  
  149  7:33  Marine x5  
  149  7:35  Marine x2  
  156  7:42  Marine x3  
  156  7:44  Marine x2  
  160  7:48  Siege Tank  
  160  7:51  Marine x4  
  168  7:54  Marine x3  
  171  7:59  Marine  
  171  8:03  Marine x2  
  171  8:04  Marine  
  171  8:05  Marine  
  176  8:09  Marine x4  
Show
View Real Time Build Order
Export as new Build Order

Serral Zerg 

Build Orders: Hatch First 

Get SALT Encoding   

  12  0:00  Drone  
  13  0:11  Overlord  
  13  0:16  Drone  
  14  0:30  Drone x2  
  16  0:47  Hatchery  
  15  0:50  Drone  
  15  0:54  Drone  
  17  0:57  Drone  
  18  1:08  Extractor  
  17  1:12  Spawning Pool  
  17  1:16  Drone  
  17  1:19  Drone  
  18  1:27  Drone  
  19  1:38  Drone  
  20  1:48  Drone  
  21  1:59  Queen x2  
  21  2:01  Zergling x4  
  27  2:08  Metabolic Boost  
  27  2:09  Overlord  
  27  2:11  Drone  
  28  2:27  Hatchery  
  27  2:31  Drone  
  27  2:32  Drone  
  27  2:35  Drone  
  30  2:37  Drone  
  30  2:43  Queen  
  33  2:48  Overlord  
  33  2:52  Drone  
  33  2:53  Drone  
  33  2:56  Drone  
  36  3:03  Overlord  
  36  3:07  Queen  
  36  3:10  Drone x2  
  40  3:13  Drone  
  40  3:15  Drone  
  40  3:17  Drone  
  40  3:19  Drone  
  44  3:23  Queen  
  44  3:25  Drone  
  47  3:30  Overlord  
  47  3:36  Drone  
  47  3:39  Queen  
  50  3:41  Overlord  
  50  3:45  Queen  
  50  3:47  Zergling x2  
  50  3:48  Zergling x2  
  54  3:50  Drone  
  54  3:52  Drone  
  56  3:56  Drone x2  
  56  4:02  Queen  
  60  4:03  Overlord  
  60  4:04  Drone  
  60  4:07  Overlord  
  61  4:10  Drone x2  
  61  4:13  Overlord  
  63  4:17  Drone x3  
  63  4:19  Drone  
  63  4:23  Drone x3  
  70  4:31  Evolution Chamber  
  70  4:32  Drone, Evolution Chamber  
  70  4:33  Drone x2, Extractor  
  70  4:37  Queen  
  72  4:39  Overlord  
  72  4:43  Zergling x4  
  72  4:44  Zergling x2  
  72  4:45  Drone  
  76  4:49  Overlord  
  76  4:50  Drone x3  
  79  5:00  Zerg Melee Weapons Level 1, Zerg Ground Armor Level 1  
  79  5:01  Spore Crawler  
  79  5:02  Spore Crawler  
  79  5:04  Spore Crawler, Drone  
  79  5:05  Drone  
  78  5:09  Drone x3  
  81  5:16  Lair  
  81  5:20  Hatchery  
  80  5:21  Drone  
  80  5:24  Overlord  
  80  5:25  Drone  
  82  5:29  Drone, Baneling Nest  
  82  5:30  Extractor  
  82  5:31  Zergling x4, Extractor  
  82  5:33  Drone  
  83  5:35  Drone x2  
  83  5:37  Overlord  
  83  5:38  Drone  
  83  5:42  Overlord  
  86  5:43  Drone x2  
  86  5:44  Drone  
  86  5:46  Overlord  
  86  5:48  Overlord  
  90  5:50  Drone  
  90  5:53  Drone x3  
  90  5:55  Drone  
  90  5:56  Drone  
  95  6:00  Drone x3  
  98  6:04  Drone  
  98  6:05  Drone x2  
  98  6:09  Drone x3  
  104  6:11  Overlord  
  104  6:15  Centrifugal Hooks  
  104  6:17  Hatchery  
  102  6:20  Drone  
  102  6:23  Overseer  
  102  6:24  Zergling x6  
  106  6:27  Overlord  
  106  6:28  Zergling x4  
  106  6:31  Zergling x2  
  106  6:32  Zergling x4  
  111  6:34  Queen  
  111  6:36  Zergling x6  
  111  6:37  Zergling x2  
  117  6:41  Zergling x6  
  117  6:45  Zergling x2  
  121  6:49  Overlord  
  121  6:50  Zergling x4  
  123  6:54  Baneling x9  
  123  6:57  Zergling x6  
  123  6:58  Zergling x2  
  127  7:03  Zergling x10  
  127  7:06  Burrow  
  127  7:07  Overlord  
  127  7:08  Zergling x6  
  135  7:09  Zergling x2  
  135  7:12  Overlord  
  135  7:13  Zergling x4  
  138  7:16  Overlord  
  138  7:18  Zergling x4  
  140  7:26  Zergling x6  
  140  7:29  Queen  
  143  7:31  Drone, Hatchery  
  143  7:35  Zergling x10  
  150  7:39  Zergling x18  
  159  7:45  Zergling x8  
  159  7:47  Baneling x7  
  162  7:51  Baneling x9  
  162  7:52  Baneling x8  
  162  7:54  Zergling x8  
  166  8:03  Zergling x16  
  158  8:16  Zergling x24  
Tags
 
Add a new tag
Caveats
  • Supply blocks, unpowered buildings, or Contaminate may cause inaccurate times.
  • Supply counts are checked every 10 seconds.